 Dungeon Crawl Stone Soup version 0.28-a0-664-gc179e30c89 (webtiles) character file.

Game seed: 11547369258866168639

1383 siradein the Shield-Bearer (level 8, -8/63 HPs)
             Began as a Minotaur Fighter on Oct 17, 2021.
             Was a Follower of Hepliaklqana.
             Mangled by Blork the orc (14 damage)
             ... on level 6 of the Dungeon.
             The game lasted 00:07:38 (6391 turns).

siradein the Shield-Bearer (Minotaur Fighter)       Turns: 6391, Time: 00:07:39

Health: -8/63      AC:  7    Str: 22    XL:     8   Next: 40%
Magic:  9/9        EV:  9    Int:  5    God:    Hepliaklqana [*.....]
Gold:   199        SH:  5    Dex: 11    Spells: 7/7 levels left

rFire   . . .      SeeInvis .   s - +3 rapier
rCold   . . .      Faith    .   c - +0 buckler
rNeg    . . .      Spirit   .   b - +0 scale mail
rPois   .          Reflect  .   (helmet restricted)
rElec   .          Harm     .   (no cloak)
rCorr   +          Rampage  .   (no gloves)
Will    .....                   (no boots)
Stlth   ..........              (no amulet)
HPRegen 0.20/turn               q - ring of resist corrosion
MPRegen 0.11/turn               (no ring)

@: no status effects
A: reduced essence, horns 2, retaliatory headbutt
a: Renounce Religion, Recall Ancestor, Ancestor Identity


You were on level 6 of the Dungeon.
You worshipped Hepliaklqana.
Hepliaklqana was aware of your devotion.
You visited 1 branch of the dungeon, and saw 6 of its levels.

You collected 199 gold pieces.

Inventory:

Hand Weapons
 a - a +0 long sword
 s - a +3 rapier (weapon)
 B - a +1 fustibalus of freezing
Missiles
 e - 16 poisoned darts (quivered)
 n - 7 boomerangs
 C - 191 stones
Armour
 b - a +0 scale mail (worn)
 c - a +0 buckler (worn)
Jewellery
 q - a ring of resist corrosion (left hand)
Wands
 o - a wand of iceblast (4)
Scrolls
 g - 2 scrolls of fog
 i - 2 scrolls of amnesia
 k - 2 scrolls of teleportation
 r - a scroll of acquirement
 t - a scroll of enchant armour {unknown}
 u - 4 scrolls of identify
 v - a scroll of torment {unknown}
 y - a scroll of brand weapon {unknown}
 z - 2 scrolls of noise {unknown}
 A - a scroll of vulnerability {unknown}
Potions
 d - a potion of might
 f - 2 potions of heal wounds {unknown}
 h - a potion of degeneration {unknown}
 j - a potion of attraction {unknown}
 l - a potion of ambrosia {unknown}
 m - 3 potions of curing {unknown}
 p - a potion of flight {unknown}
 w - 2 potions of brilliance {unknown}
 x - a potion of cancellation {unknown}
 D - 2 potions of lignification {unknown}


   Skills:
 + Level 6.5 Fighting
 + Level 5.9 Long Blades
 + Level 6.5 Armour
 + Level 6.5 Shields
 + Level 3.1 Invocations
 + Level 2.8 Evocations


You had 7 spell levels left.
You didn't know any spells.
Your spell library contained the following spells:

 Spells                   Type           Power      Damage    Failure   Level
 Passwall                 Tmut/Erth      0%         N/A       88%         2
 Swiftness                Air            0%         N/A       98%         3
 Invisibility             Hex            0%         N/A       100%        6


Dungeon Overview and Level Annotations

Branches:
Dungeon (6/15)
 Temple: D:4-7

Altars:
Elyvilon
Hepliaklqana
Uskayaw
Zin

Annotations:
D:3 1 runed translucent door, Crazy Yiuf
D:6 Blork the orc


Innate Abilities, Weirdness & Mutations

Your life essence is reduced to manifest your ancestor. (-10% HP)
You have a pair of horns on your head.
You reflexively headbutt those who attack you in melee.


Message History

Blork the orc seems to speed up.
Blork the orc casts a spell at you. The magic dart hits you.
Blork the orc casts a spell at you. The puff of flame hits you!
Blork the orc casts a cantrip, but nothing happens.
Blork the orc grins evilly.
Blork the orc hits you from afar with a +0 glaive.
Blork the orc hits you from afar with a +0 glaive!
* * * LOW HITPOINT WARNING * * *
Blork the orc screams, "I'll drink your blood!
Soon!"
Blork the orc barely misses you.
Blork the orc begins to cast a cantrip, but forgets the words!
The orc wizard gestures wildly while chanting.
The orc wizard flickers and vanishes!
Deactivating autopickup; reactivate with Ctrl-A.
Blork the orc points at you and mumbles some strange words.
The puff of flame hits you.
* * * LOW HITPOINT WARNING * * *
Blork the orc roars repeatedly.
The orc hits Anedjib with a +0 club.
Blork the orc screams, "I'll rip your head off!"
Blork the orc frowns.
Blork the orc hits you but does no damage.
Blork the orc looks encouraged for a moment.
Blork the orc screams, "You are the ugliest creature I've ever seen!"
Blork the orc hits you from afar with a +0 glaive.
* * * LOW HITPOINT WARNING * * *
Blork the orc casts a cantrip, but nothing happens.
Blork the orc screams, "Die!"
Blork the orc barely misses you.
Blork the orc points at you and mumbles some strange words.
The puff of flame misses you.
A phantom comes into view.
Blork the orc hits you from afar with a +0 glaive.
* * * LOW HITPOINT WARNING * * *
Blork the orc is no longer moving quickly.
There is a stone staircase leading up here.
Blork the orc hits you from afar with a +0 glaive!
You die...

#.#.####.#.#..##..#####
########...<..................
............................†.
########.#.####.#.#..##..####.
#........#.#..##..# #.
#.#......#........#####
#######......###..##.......
..^..........###......#####
....W.....@...........# #
######............##..#####
###..o#.###...........
###...#.####.##..#####
+.....R...............
#######.#######..##...
#######R#####.....+...
.............)...##...
#######.###R..............


You could see the friendly Anedjib the ancestor, Blork the orc (ally target) and
a phantom.

Vanquished Creatures
  Sigmund (D:5)
  A water moccasin (D:5)
  An ogre (D:4)
  A necrophage (D:4)
  A centaur (D:6)
  A phantom (D:5)
  A water moccasin zombie (D:5)
  A scorpion (D:5)
  A bullfrog skeleton (D:5)
  3 hounds
  Jessica (D:2)
  Ijyb (D:3)
  2 gnoll shamans
  3 iguanas
  2 orc wizards
  9 adders
  6 gnolls
  A howler monkey skeleton (D:4)
  An ufetubus (D:6)
  A worm (D:2)
  A dart slug (D:3)
  8 orcs
  A bat (D:2)
  7 endoplasms
  A giant cockroach (D:3)
  6 goblins
  7 hobgoblins
  3 quokkas
  4 ball pythons
  2 frilled lizards (D:1)
  8 kobolds
  6 rats
93 creatures vanquished.

Vanquished Creatures (collateral kills)
  An ogre (D:5)
  A centaur zombie (D:6)
2 creatures vanquished.

Grand Total: 95 creatures vanquished

Notes
Turn   | Place    | Note
-------+----------+-------------------------------------------
     0 | D:1      | siradein the Minotaur Fighter began the quest for the Orb.
     0 | D:1      | Reached XP level 1. HP: 19/19 MP: 0/0
    86 | D:1      | Reached XP level 2. HP: 27/27 MP: 1/1
   562 | D:2      | Found a faded altar of an unknown god.
   579 | D:2      | Reached XP level 3. HP: 33/33 MP: 2/2
   725 | D:2      | Noticed Jessica
   735 | D:2      | Killed Jessica
   736 | D:2      | Reached XP level 4. HP: 37/41 MP: 3/3
  1865 | D:3      | Noticed Ijyb
  1873 | D:3      | Killed Ijyb
  1874 | D:3      | Reached XP level 5. HP: 32/47 MP: 4/4
  2386 | D:3      | Found a runed translucent door.
  2387 | D:3      | Noticed Crazy Yiuf
  2710 | D:3      | Reached skill level 5 in Fighting
  2710 | D:3      | Reached skill level 5 in Shields
  2720 | D:3      | Reached skill level 5 in Armour
  3307 | D:4      | Found a glowing silver altar of Zin.
  3330 | D:4      | Found a hazy altar of Hepliaklqana.
  3356 | D:4      | Became a worshipper of Hepliaklqana the Forgotten
  3369 | D:4      | Noticed an ogre
  3372 | D:4      | Noticed a necrophage
  3405 | D:4      | Killed an ogre
  3406 | D:4      | Reached XP level 6. HP: 45/56 MP: 5/5
  3418 | D:4      | Reached skill level 1 in Invocations
  3537 | D:4      | Reached skill level 1 in Evocations
  3808 | D:5      | Entered Level 5 of the Dungeon
  3842 | D:5      | Identified a scroll of acquirement
  3864 | D:5      | Reached XP level 7. HP: 33/61 MP: 5/7
  4062 | D:5      | Noticed Sigmund
  4073 | D:5      | Killed Sigmund
  4074 | D:5      | Reached skill level 5 in Long Blades
  4326 | D:5      | Found a white marble altar of Elyvilon.
  4451 | D:5      | Noticed a +0 dagger
  4452 | D:5      | Noticed a +0 dagger
  4454 | D:5      | Found a hide-covered altar of Uskayaw.
  4696 | D:5      | Reached * piety under Hepliaklqana
  4758 | D:5      | Reached XP level 8. HP: 52/63 MP: 8/8
  6342 | D:6      | Noticed Blork the orc
  6391 | D:6      | Mangled by Blork the orc

Illustrated notes

Levels and vault maps discovered:
D:1:      enne_arrival_octagon_isle, layout_rooms, minmay_tromino_v4_a
D:2:      layout_loops_cross, hellmonk_ecumenical_altar_zigzags, uniq_jessica
D:3:      layout_loops_corners, uniq_ijyb, uniq_crazy_yiuf_cottage
D:4:      layout_cave_pools, kennysheep_mini, zin_treasury, minmay_bisected
D:5:      layout_loops_cross, dancing_weapons_uskayaw,
          nicolae_elyvilon_peaceful_grove, kennysheep_generic_room_12,
          uniq_sigmund
D:6:      layout_basic, lemuel_coloured_pillars_altar, uniq_blork_the_orc

Skill      XL: |  1  2  3  4  5  6  7  8 |
---------------+-------------------------+-----
Fighting       | 4 5 6 |  6.5
Armour         | 4 5 6 |  6.5
Shields        | 4 5 6 |  6.5
Long Blades    | 3 4 5 |  5.9
Invocations    | 1 2 3 |  3.1
Evocations     | 1 2 |  2.8

Action                   |  1- 3 |  4- 6 |  7- 9 || total
-------------------------+-------+-------+-------++-------
Melee: Long sword        |    66 |    83 |       ||   149
       Headbutt          |     7 |    21 |    18 ||    46
       Rapier            |       |    38 |    89 ||   127
Throw: Dart              |       |     3 |       ||     3
  Use: Scroll            |       |     4 |       ||     4
Armor: Scale mail        |    32 |    44 |    24 ||   100
Dodge: Dodged            |    29 |    49 |    46 ||   124
Block: Buckler           |    10 |    29 |    21 ||    60

Table legend: (Time is in decaauts)
 A = Elapsed time spent in this place.
 B = Non-inter-level travel time spent in this place.
 C = Inter-level travel time spent in this place.
 D = Time resting spent in this place.
 E = Time spent auto-exploring this place.
 F = Levels seen in this place.
 G = Mean time per level.
                   A        B        C        D        E       F      G
               +--------+--------+--------+--------+--------+-----+--------+
         Total |   6444 |   5926 |    518 |    473 |   4553 |   6 | 1074.0 |
       Dungeon |   6444 |   5926 |    518 |    473 |   4553 |   6 | 1074.0 |
               +--------+--------+--------+--------+--------+-----+--------+

Top non-repeatable levels by time:
     D:3: 2300 daAuts
     D:5: 1414 daAuts
     D:2: 845 daAuts
     D:4: 706 daAuts
     D:1: 622 daAuts
     D:6: 555 daAuts
